 Dungeon Crawl Stone Soup version 0.26-a0-639-g72c4674329 (webtiles) character file.

Game seed: 8322985774680344288

152 Lugonue the Shield-Bearer (level 5, -1/33 HPs)
             Began as a Gargoyle Fighter on Sept 25, 2020.
             Killed by divine providence
             ... invoked by an orc priest
              (14 damage)
             ... on level 3 of the Dungeon.
             The game lasted 00:02:52 (2426 turns).

Lugonue the Shield-Bearer (Gargoyle Fighter)        Turns: 2426, Time: 00:02:52

Health: -1/33      AC:  9    Str: 19    XL:     5   Next: 34%
Magic:  5/5        EV:  8    Int: 10    God:
Gold:   151        SH:  9    Dex:  9    Spells: 4/4 levels left

rFire    . . .     SeeInvis .   a - +0 flail
rCold    . . .     Faith    .   c - +0 kite shield
rNeg     + . .     Spirit   .   j - +0 ring mail (curse)
rPois    ∞         Reflect  .   (no helmet)
rElec    +         Harm     .   (no cloak)
rCorr    .         Rampage  .   (no gloves)
MR       .....                  (no boots)
Stlth    ..........             (no amulet)
HPRegen  0.11/turn              (no ring)
MPRegen  0.09/turn              (no ring)

@: no status effects
A: negative energy resistance 1, electricity resistance, unbreathing,
petrification resistance, rot immunity, AC +4
a: no special abilities


You were on level 3 of the Dungeon.
You visited 1 branch of the dungeon, and saw 3 of its levels.

You collected 151 gold pieces.

Inventory:

Hand Weapons
 a - a +0 flail (weapon)
Armour
 c - a +0 kite shield (worn)
 j - a cursed +0 ring mail (worn)
Jewellery
 d - an uncursed ring of flight
Wands
 b - a wand of paralysis (5)
Scrolls
 f - 3 scrolls of magic mapping
 h - 6 scrolls of identify {unknown}
 i - a scroll of random uselessness {unknown}
Potions
 e - a potion of mutation {unknown}
 g - a potion of curing {unknown}
 k - a potion of stabbing {unknown}
 l - a potion of haste {unknown}


   Skills:
 + Level 3.9 Fighting
 + Level 3.6 Maces & Flails
 - Level 3.6 Armour
 - Level 0.4 Dodging
 + Level 4.5 Shields


You had 4 spell levels left.
You didn't know any spells.
Your spell library was empty.

Dungeon Overview and Level Annotations

Branches:
Dungeon (3/15)

Altars:


Innate Abilities, Weirdness & Mutations

You are resistant to torment.
Your stone body is resilient. (AC +4)
You are immune to poison.
You resist negative energy. (rN+)
You are resistant to electric shocks. (rElec)
You can survive without breathing.
You are immune to petrification.
You are immune to rotting.


Message History

The orc priest invokes the aid of Beogh against you.
Pain shoots through your body!
Unknown command.
Your shield prevents you from hitting the orc priest.
The orc priest is moderately wounded.
You block the orc priest's attack.
You barely miss the orc priest.
The orc priest is moderately wounded.
The orc priest hits you but does no damage.
Unknown command.
You hit the orc priest.
The orc priest is heavily wounded.
The orc priest barely misses you.
The orc throws a boomerang.
You block the boomerang.
The weapon returns to the orc!
Unknown command.
You closely miss the orc priest.
The orc priest is heavily wounded.
The orc priest calls down the wrath of Beogh upon you.
Beogh smites you!
You die...

#
.###.####
.[..oo.o#
#@# #.#
#.# #.#
#.# #.#
#.#
###.#####
##...#...#


You could see an orc priest and 2 orcs.

Vanquished Creatures
  An orc wizard (D:3)
  A worker ant (D:2)
  2 adders (D:2)
  A worm (D:2)
  2 dart slugs (D:2)
  A leopard gecko (D:1)
  2 orcs (D:3)
  9 bats
  4 giant cockroaches
  6 goblins
  12 hobgoblins
  2 jackals (D:1)
  6 kobolds
  2 quokkas (D:2)
  A ball python (D:3)
  3 frilled lizards
  13 rats
68 creatures vanquished.

Notes
Turn   | Place    | Note
-------+----------+-------------------------------------------
     0 | D:1      | Lugonue the Gargoyle Fighter began the quest for the Orb.
     0 | D:1      | Reached XP level 1. HP: 14/14 MP: 1/1
    98 | D:1      | Reached XP level 2. HP: 19/19 MP: 2/2
   517 | D:1      | Reached XP level 3. HP: 23/23 MP: 3/3
  1265 | D:2      | Reached skill level 4 in Shields
  1313 | D:2      | Reached XP level 4. HP: 28/28 MP: 4/4
  2116 | D:2      | Reached XP level 5. HP: 33/33 MP: 5/5
  2426 | D:3      | Killed from afar by an orc priest

Illustrated notes

Levels and vault maps discovered:
D:1:      lightli_arrival_quake, layout_basic
D:2:      layout_loops_corners, minmay_pentomino_z2
D:3:      layout_basic, grunt_dithmenos_smoke_and_mirrors,
          chequers_ecumenical_altar_grove, nicolae_ru_the_path_less_chosen,
          uniq_natasha

Skill      XL: |  1  2  3  4 |
---------------+-------------+-----
Shields        | 4 |  4.5
Maces & Flails | 3 |  3.6
Fighting       | |  3.9
Armour         | |  3.6
Dodging        | |  0.4

Action                   |  1- 3 |  4- 6 || total
-------------------------+-------+-------++-------
Melee: Flail             |   157 |   134 ||   291
Evoke: Wand              |       |     1 ||     1
  Use: Potion            |       |     2 ||     2
       Scroll            |       |     1 ||     1
Armor: Scale mail        |    62 |       ||    62
       Ring mail         |    31 |    58 ||    89
       Skin              |       |    10 ||    10
Dodge: Dodged            |    65 |    36 ||   101
Block: Kite shield       |   102 |    73 ||   175

Table legend: (Time is in decaauts)
 A = Elapsed time spent in this place.
 B = Non-inter-level travel time spent in this place.
 C = Inter-level travel time spent in this place.
 D = Time resting spent in this place.
 E = Time spent auto-exploring this place.
 F = Levels seen in this place.
 G = Mean time per level.
                   A        B        C        D        E       F      G
               +--------+--------+--------+--------+--------+-----+--------+
         Total |   2524 |   2497 |     27 |    265 |   1613 |   3 |  841.3 |
       Dungeon |   2524 |   2497 |     27 |    265 |   1613 |   3 |  841.3 |
               +--------+--------+--------+--------+--------+-----+--------+

Top non-repeatable levels by time:
     D:2: 1388 daAuts
     D:1: 1016 daAuts
     D:3: 119 daAuts
